 Dungeon Crawl Stone Soup version 0.29-a0-757-g358383bc75 (webtiles) character file.

Game seed: 7757910423227790355

323 crusatyr the Chopper (level 6, 0/49 (51) HPs)
             Began as a Hill Orc Fighter on July 1, 2022.
             Slain by a wight
             ... wielding a +3 trident
              (12 damage)
             ... on level 4 of the Dungeon.
             The game lasted 00:04:54 (4212 turns).

crusatyr the Chopper (Hill Orc Fighter)             Turns: 4212, Time: 00:04:55

HP:   0/49 (51)     AC:  9    Str: 21    XL:     6   Next: 47%
MP:   6/6           EV:  9    Int:  8    God:
Gold: 191           SH:  5    Dex: 10    Spells: 5/5 levels left

rFire   . . .      SeeInvis .   a - +0 war axe
rCold   . . .      Faith    .   c - +0 buckler
rNeg    . . .      Spirit   .   b - +0 scale mail
rPois   .          Reflect  .   p - +0 helmet
rElec   .          Harm     .   (no cloak)
rCorr   .          Rampage  .   (no gloves)
Will    .....                   k - +0 pair of boots
Stlth   ..........              (no amulet)
HPRegen 0.16/turn               (no ring)
MPRegen 0.10/turn               (no ring)

@: lightly drained
A: no striking features
a: no special abilities


You were on level 4 of the Dungeon.
You visited 1 branch of the dungeon, and saw 4 of its levels.

You collected 191 gold pieces.

Inventory:

Hand Weapons
 a - a +0 war axe (weapon)
 f - a +0 mace
 n - a +0 flail
Armour
 b - a +0 scale mail (worn)
 c - a +0 buckler (worn)
 k - a +0 pair of boots (worn)
 p - a +0 helmet (worn)
Jewellery
 i - a ring of fire
Wands
 s - a wand of charming (2)
Scrolls
 e - a scroll of silence {unknown}
 g - a scroll of vulnerability {unknown}
 h - 2 scrolls of enchant weapon {unknown}
 j - 3 scrolls of identify {unknown}
 o - a scroll of magic mapping {unknown}
 q - 3 scrolls of fog {unknown}
Potions
 d - a potion of might
 l - a potion of lignification {unknown}
 m - a potion of curing
 r - a potion of flight {unknown}


   Skills:
 - Level 3.6 Fighting
 + Level 6.4 Axes
 + Level 4.5 Armour
 - Level 5.0 Shields


You had 5 spell levels left.
You didn't know any spells.
Your spell library contained the following spells:

 Spells                   Type           Power      Damage    Failure   Level
 Ozocubu's Armour         Ice            0%         N/A       99%         3
 Metabolic Englaciation   Hex/Ice        0%         N/A       100%        5
 Simulacrum               Ice/Necr       0%         N/A       100%        6


Dungeon Overview and Level Annotations

Branches:
Dungeon (4/15)
 Temple: D:4-7

Altars:
Nemelex Xobeh

Shops:
D:1 *

Annotations:
D:1 1 transporter


Message History

You are too injured to fight recklessly!
You are too injured to fight recklessly!
You are too injured to fight recklessly!
You are too injured to fight recklessly!
You are too injured to fight recklessly!
You are too injured to fight recklessly!
You are too injured to fight recklessly!
You are too injured to fight recklessly!
You are too injured to fight recklessly!
You are too injured to fight recklessly!
You are too injured to fight recklessly!
You are too injured to fight recklessly!
You closely miss the wight.
The wight is lightly damaged.
The wight hits you from afar with a +3 trident!
You feel drained. You block the wight's attack.
You hit the wight but do no damage.
The wight is lightly damaged.
The wight hits you but does no damage. You block the wight's attack.
You hit the wight but do no damage.
The wight is lightly damaged.
The wight hits you from afar with a +3 trident.
* * * LOW HITPOINT WARNING * * *
The wight barely misses you.
You slash the wight!
The wight is severely damaged.
The wight barely misses you. You block the wight's attack.
The wight barely misses you. The wight hits you but does no damage.
You hit the wight but do no damage.
The wight is severely damaged.
The wight barely misses you. The wight misses you.
You hit the wight but do no damage.
The wight is severely damaged.
The wight barely misses you. The wight closely misses you.
You slash the wight!
You destroy the wight!
The wight hits you from afar with a +3 trident.
* * * LOW HITPOINT WARNING * * *
The wight hits you with a +3 trident!
You die...

.# .# ## .# #
# .. .# #..#.
.# #.#.##.##
........##
#.#<.....#
#.#z.....#
#.#@)....#
####.#.....##
#.......#.##
#.##.##.#.##
#.##........
#.........##
#.
#..#####.##
#. #..# .# #.
#..# .#


You could see a wight.

Vanquished Creatures
  A wight (D:4)
  An orc priest (D:3)
  4 orc wizards
  A gnoll (D:1)
  4 adders
  A worm (D:4)
  2 dart slugs
  10 orcs
  13 ball pythons
  4 bats
  10 endoplasms
  3 giant cockroaches (D:2)
  5 hobgoblins
  8 jackals
  6 kobolds
  4 quokkas
  5 frilled lizards
  8 goblins
  4 rats
94 creatures vanquished.

Notes
Turn   | Place    | Note
-------+----------+-------------------------------------------
     0 | D:1      | crusatyr the Hill Orc Fighter began the quest for the Orb.
     0 | D:1      | Reached XP level 1. HP: 19/19 MP: 1/1
   251 | D:1      | Found Qampa's Assorted Antiques.
   276 | D:1      | Reached skill level 3 in Axes
   277 | D:1      | Reached XP level 2. HP: 20/26 MP: 2/2
   647 | D:1      | Reached XP level 3. HP: 21/31 MP: 3/3
   785 | D:1      | Reached skill level 4 in Axes
  1407 | D:2      | Reached XP level 4. HP: 39/39 MP: 4/4
  2109 | D:3      | Reached skill level 5 in Axes
  2109 | D:3      | Reached skill level 5 in Shields
  2109 | D:3      | Reached XP level 5. HP: 8/45 MP: 5/5
  3887 | D:4      | Found a sparkling altar of Nemelex Xobeh.
  3894 | D:4      | Reached XP level 6. HP: 51/51 MP: 6/6
  3954 | D:4      | Reached skill level 6 in Axes
  4212 | D:4      | Slain by a wight

Illustrated notes

Levels and vault maps discovered:
D:1:      spicycebolla_arrival_transporter_tutorial, layout_basic, serial_glass,
          glass_columns_c, glass_columns_a, serial_shops,
          nicolae_shop_overgrown_old_shop, hangedman_decor_growths
D:2:      layout_loops_ring
D:3:      layout_basic, hangedman_decor_slide_cut
D:4:      layout_loops_ring, nemelex_dance_club_becter,
          minmay_temple_entry_enclosed_plants, grunt_decor_clamped,
          grunt_ministairs_1

Skill      XL: |  1  2  3  4  5  6 |
---------------+-------------------+-----
Axes           | 3 4 5 6 |  6.4
Shields        | 4 5 |  5.0
Armour         | 4 |  4.5
Fighting       | |  3.6

Action                   |  1- 3 |  4- 6 || total
-------------------------+-------+-------++-------
Melee: War axe           |    87 |   189 ||   276
  Use: Potion            |       |     1 ||     1
Armor: Scale mail        |    44 |    92 ||   136
Dodge: Dodged            |    49 |    90 ||   139
Block: Buckler           |    18 |    47 ||    65

Table legend: (Time is in decaauts)
 A = Elapsed time spent in this place.
 B = Non-inter-level travel time spent in this place.
 C = Inter-level travel time spent in this place.
 D = Time resting spent in this place.
 E = Time spent auto-exploring this place.
 F = Levels seen in this place.
 G = Mean time per level.
                   A        B        C        D        E       F      G
               +--------+--------+--------+--------+--------+-----+--------+
         Total |   4295 |   4173 |    122 |    639 |   2819 |   4 | 1073.8 |
       Dungeon |   4295 |   4173 |    122 |    639 |   2819 |   4 | 1073.8 |
               +--------+--------+--------+--------+--------+-----+--------+

Top non-repeatable levels by time:
     D:3: 1726 daAuts
     D:1: 1269 daAuts
     D:2: 765 daAuts
     D:4: 534 daAuts
